 Dungeon Crawl Stone Soup version 0.19-a0-36-g4a0968a (webtiles) character file.

27999 namelastname112 the Destroyer (level 13, -2/95 HPs)
             Began as a Green Draconian Conjurer on May 3, 2016.
             Was a Priest of Ashenzari.
             Slain by a purple ugly thing (12 damage)
             ... on level 14 of the Dungeon.
             The game lasted 00:32:04 (17167 turns).

namelastname112 the Destroyer (DrCj)               Turns: 17167, Time: 00:32:05

Health: -2/95      AC: 11    Str: 12    XL:     13   Next: 7%
Magic:  34/37      EV:  8    Int: 19    God:    Ashenzari [***...]
Gold:   797        SH:  0    Dex: 12    Spells: 5 memorised, 18 levels left

rFire  . . .     SeeInvis +     N - +5 quarterstaff (chaos)
rCold  + . .     Gourm    .     (armour unavailable)
rNeg   . . .     Faith    .     (shield currently unavailable)
rPois  +         Spirit   .     (helmet restricted)
rElec  .         Dismiss  .     Z - +2 cloak
rCorr  .         Reflect  .     (no gloves)
SustAt .         Harm     .     (no boots)
MR     .....                    (no amulet)
Stlth  ++........               u - ring of wizardry (curse)
                                C - ring of magical power (curse)

@: not resistant to hostile enchantments, unstealthy
A: breathe noxious fumes, unfitting armour, cold resistance 1, poison
resistance, cold-blooded, AC +8
a: Breathe Noxious Fumes, Curse Item, Scrying, Renounce Religion


You were on level 14 of the Dungeon.
You worshipped Ashenzari.
Ashenzari was most pleased with you.
You were very hungry.

You visited 2 branches of the dungeon, and saw 15 of its levels.
You also visited: Sewer.

You collected 1057 gold pieces.
You spent 260 gold pieces at shops.

Inventory:

Hand Weapons
 D - a +5 blowgun
 N - a +5 quarterstaff of chaos (weapon)
Missiles
 R - 4 curare-tipped needles
Armour
 S - a +2 buckler
 Z - a +2 cloak (worn)
Jewellery
 l - an uncursed ring of protection from fire
 u - a cursed ring of wizardry (right hand)
 y - an uncursed ring of see invisible
 B - an uncursed ring of protection from fire
 C - a cursed ring of magical power (left hand)
 G - an uncursed ring of flight
Wands
 e - a wand of iceblast (1/15)
 k - a wand of iceblast (5/15)
 A - a wand of digging (24/24)
 J - a wand of digging (12/24)
 L - a wand of digging (16/24)
 O - a wand of acid (6/15)
Scrolls
 c - 3 scrolls of teleportation
 f - a scroll of enchant armour
 j - 2 scrolls of magic mapping
 m - 7 scrolls of remove curse
 q - a scroll of fear
 t - 4 scrolls of fog
 K - 2 scrolls of identify
 Q - 2 scrolls of amnesia
Potions
 d - 4 potions of ambrosia
 g - a potion of cure mutation {unknown}
 i - 3 potions of agility
 r - a potion of brilliance
 s - 2 potions of haste
 v - 6 potions of flight
 E - 2 potions of mutation
 F - 3 potions of might
 I - 5 potions of curing
 T - a potion of cancellation
 X - a potion of berserk rage
Books
 a - a book of Conjurations

   Spells                             Type                      Level
   a - Magic Dart                     Conjuration                  1
   b - Searing Ray                    Conjuration                  2
   c - Dazzling Spray                 Conjuration/Hexes            3
   d - Fulminant Prism                Conjuration/Hexes            4
   e - Iskenderun's Mystic Blast      Conjuration                  4
   f - Iskenderun's Battlesphere      Conjuration/Charms           5
 p - a book of Spatial Translocations

   Spells                             Type                      Level
   a - Apportation                    Translocation                1
   b - Blink                          Translocation                2
   c - Shroud of Golubria             Charms/Translocation         2
   d - Portal Projectile              Translocation                3
   e - Teleport Other                 Translocation                3
   f - Passage of Golubria            Translocation                4
 w - a book of Maledictions

   Spells                             Type                      Level
   a - Corona                         Hexes                        1
   b - Ensorcelled Hibernation        Hexes/Ice                    2
   c - Confuse                        Hexes                        3
   d - Tukima's Dance                 Hexes                        3
   e - Dazzling Spray                 Conjuration/Hexes            3
 P - a book of Annihilations

   Spells                             Type                      Level
   a - Poison Arrow                   Conjuration/Poison           6
   b - Chain Lightning                Conjuration/Air              8
   c - Lehudib's Crystal Spear        Conjuration/Earth            8
   d - Glaciate                       Conjuration/Ice              9
   e - Fire Storm                     Conjuration/Fire             9
Miscellaneous
 U - a lamp of fire
Comestibles
 b - 13 bread rations
 h - a beef jerky
 n - 10 fruits


   Skills:
 + Level 3.6 Fighting
 + Level 3.3 Dodging
 - Level 1.7 Stealth
 * Level 2.8 Shields
 + Level 11.0 Spellcasting
 + Level 12.3(13.9) Conjurations
 + Level 10.2(11.9) Charms
 + Level 9.8(11.5) Poison Magic


You had 18 spell levels left.
You knew the following spells:

 Your Spells              Type           Power        Failure   Level  Hunger
a - Iskenderun's Battles  Conj/Chrm      ######..     1%          5    ####...
b - Poison Arrow          Conj/Pois      ######....   2%          6    ######.
c - Blink                 Tloc           N/A          4%          2    None
x - Searing Ray           Conj           ######       1%          2    None
z - Magic Dart            Conj           ####         1%          1    None


Dungeon Overview and Level Annotations

Branches:
Dungeon (14/15)            Temple (1/1) D:6            Lair (0/8) D:8
    Orc (0/2) D:11
 Vaults: D:13-14

Altars:
Ashenzari
Cheibriados
Dithmenos
Kikubaaqudgha
Makhleb
Nemelex Xobeh
Pakellas
Ru
Sif Muna
Trog
The Shining One

Shops:
D:6 *   D:8 (   D:10 }

Annotations:
D:12 exclusion: orange crystal statue


Innate Abilities, Weirdness & Mutations

You can breathe blasts of noxious fumes.
Your lurid green scales are hard (AC +8).
Your body does not fit into most forms of armour.
Your system is resistant to poisons.
You are cold-blooded and may be slowed by cold attacks.
Your flesh is cold resistant.


Message History

You regained 25 mp, and now have 31/37 mp.
There is an open door here.
There is a stone staircase leading down here.
You regained 2 mp, and now have 33/37 mp.
You climb downwards.
The white ugly thing gurgles horribly! x2
The white ugly thing pecks you but does no damage.
The red ugly thing bites you!
You are engulfed in flames!
The purple ugly thing closely misses you.
The red ugly thing claws you.
You are engulfed in flames!
There is a stone staircase leading up, spattered with blood here.
You take 42 damage, and have 53/95 hp.
MASSIVE DAMAGE!!
The white ugly thing tentacle-slaps you!
The white ugly thing freezes you! You resist. The white ugly thing pecks you!
* * * LOW HITPOINT WARNING * * *
The white ugly thing freezes you! You resist.
* * * LOW HITPOINT WARNING * * *
The red ugly thing bites you but does no damage.
The purple ugly thing kicks you!
You die...

, , #...##.<^## #...
#.†u## , #... #u...#
*#... #....# * #...
#./..# , +... #[...#
, #... #....# , , ,
#..),+uu..#
#...*#@u.##
#...##uu.## , *
..#....#(...# . *
..'....#....# u. , ,
, #....)....# ...,*,
#..{##...##
....#######.u.##...##
.........(#...#.....#
..........u...#.....#


You could see 7 ugly things.

Vanquished Creatures
  Nessos (D:12)
  A fire dragon (D:14)
  3 hydras
  A centaur warrior (D:13)
  Sonja (D:11)
  An unseen horror (D:14)
  7 hill giants
  4 ugly things
  A griffon (D:13)
  Pikel (D:5)
  2 cyclopes
  Maurice (D:11)
  3 gargoyles
  2 kobold demonologists
  An efreet (D:12)
  3 trolls
  Grinder (Sewer)
  2 slime creatures (D:11)
  A two-headed ogre (D:12)
  A spriggan (D:7)
  A wyvern (D:12)
  A hungry ghost (D:8)
  13 yaks
  Grum (D:11)
  5 hippogriffs
  3 vampire mosquitoes (D:13)
  A steam dragon (D:8)
  A soldier ant (D:11)
  A water moccasin (D:11)
  2 hell hounds (D:8)
  7 sky beasts
  3 slaves (D:5)
  3 ice beasts
  5 phantoms
  2 wasps
  4 orc warriors
  2 black bears (D:9)
  2 eyes of draining
  7 ogres
  2 wolves (D:11)
  8 centaurs
  2 big kobolds
  11 giant frogs
  A wyvern zombie (D:11)
  A wyvern skeleton (D:11)
  6 scorpions
  4 wights (D:11)
  16 killer bees
  3 electric eels (D:9)
  A vampire bat (D:5)
  8 howler monkeys
  4 crimson imps
  5 centaur zombies
  3 jellies
  6 orc priests
  A quasit (Sewer)
  Crazy Yiuf (D:7)
  A centaur skeleton (D:12)
  11 hounds
  A giant frog skeleton (D:10)
  11 orc wizards
  An iguana (D:4)
  11 worker ants
  2 killer bee zombies
  2 big kobold zombies (Sewer)
  A hound skeleton (D:4)
  The ghost of M4edhros the Grave Robber, a weakling OpNe (D:3)
  A howler monkey zombie (D:8)
  4 gnolls (D:3)
  13 adders
  A river rat (D:6)
  3 shadow imps
  7 ufetubi (Sewer)
  An ooze (Sewer)
  2 adder skeletons
  2 adder zombies (Sewer)
  4 worms
  2 dart slugs
  7 giant geckos
  41 orcs
  A bat zombie (Sewer)
  5 giant cockroaches
  6 goblins
  4 hobgoblins
  7 jackals
  20 kobolds
  7 quokkas
  2 ball pythons
  12 bats
  A giant gecko skeleton (D:7)
  3 giant newts
  A jackal skeleton (D:4)
  A quokka zombie (D:8)
  7 rats
392 creatures vanquished.

Vanquished Creatures (collateral kills)
  A killer bee (D:8)
  A crimson imp (D:9)
2 creatures vanquished.

Vanquished Creatures (others)
  A spatial vortex (D:14)
  A killer bee (D:8)
  A giant gecko (D:8)
3 creatures vanquished.

Grand Total: 397 creatures vanquished

Notes
Turn   | Place    | Note
--------------------------------------------------------------
     0 | D:1      | namelastname112 the Draconian Conjurer began the quest for the Orb.
     0 | D:1      | Reached XP level 1. HP: 14/14 MP: 3/3
   412 | D:1      | Reached XP level 2. HP: 20/20 MP: 1/5
   416 | D:1      | Learned a level 2 spell: Searing Ray
  1106 | D:2      | Learned a level 2 spell: Blink
  1243 | D:2      | Reached XP level 3. HP: 26/26 MP: 0/7
  1936 | D:3      | Reached skill level 5 in Conjurations
  1936 | D:3      | Reached XP level 4. HP: 8/33 MP: 4/8
  2545 | D:3      | Reached XP level 5. HP: 38/38 MP: 1/10
  2676 | D:3      | Learned a level 5 spell: Iskenderun's Battlesphere
  2693 | D:3      | Found a faded altar to an unknown god.
  2715 | D:3      | Found a sacrificial altar of Ru.
  2785 | D:3      | Noticed M4edhros's ghost (weakling OpNe)
  2789 | D:3      | Killed M4edhros's ghost
  3015 | D:3      | Reached skill level 1 in Charms
  3160 | D:4      | Noticed an ogre
  3172 | D:4      | Killed an ogre
  3172 | D:4      | Reached XP level 6. HP: 45/45 MP: 6/12
  3480 | D:4      | Reached skill level 6 in Conjurations
  3735 | D:4      | Found a snail-covered altar of Cheibriados.
  4163 | D:4      | Your scales start taking on a lurid green colour.
  4163 | D:4      | Reached XP level 7. HP: 50/50 MP: 7/13
  4163 | D:4      | Gained mutation: Your system is resistant to poisons. [Green Draconian growth]
  4585 | D:5      | Entered Level 5 of the Dungeon
  4622 | D:5      | Noticed Pikel
  4642 | D:5      | Killed Pikel
  4642 | D:5      | Reached skill level 5 in Spellcasting
  4642 | D:5      | Reached skill level 7 in Conjurations
  4642 | D:5      | Reached XP level 8. HP: 49/57 MP: 7/16
  5141 | D:5      | Found a glowing golden altar of the Shining One.
  5406 | D:6      | Found Cuqeijag's General Store.
  5417 | D:6      | Bought an uncursed ring of magical power for 260 gold pieces
  5541 | D:6      | Found a staircase to the Ecumenical Temple.
  5563 | D:6      | Reached skill level 5 in Charms
  5567 | D:6      | Gained mutation: Your flesh is cold resistant. [mutagenic meat]
  5568 | D:6      | Gained mutation: You have a pair of small horns on your head. [mutagenic meat]
  5575 | Temple   | Entered the Ecumenical Temple
  5583 | Temple   | Became a worshipper of Ashenzari the Shackled
  5809 | D:6      | Found a glowing drain.
  5844 | Sewer    | Entered a sewer
  5853 | Sewer    | Reached skill level 8 in Conjurations
  6022 | Sewer    | Found a burning altar of Makhleb.
  6101 | Sewer    | Noticed Grinder
  6110 | Sewer    | Killed Grinder
  6110 | Sewer    | Reached XP level 9. HP: 62/62 MP: 14/19
  6198 | Sewer    | Noticed an apprentice kobold demonologist
  6212 | Sewer    | Killed an apprentice kobold demonologist
  6502 | D:6      | Found an ancient bone altar of Kikubaaqudgha.
  6917 | D:7      | Noticed Crazy Yiuf
  6927 | D:7      | Killed Crazy Yiuf
  7002 | D:7      | Found a bloodstained altar of Trog.
  7072 | D:7      | Found a deep blue altar of Sif Muna.
  7089 | D:7      | Found a glowing golden altar of the Shining One.
  7139 | D:7      | Found a shadowy altar of Dithmenos.
  7274 | D:7      | Reached skill level 9 in Conjurations
  7616 | D:8      | Reached * piety under Ashenzari
  7618 | D:8      | Found a staircase to the Lair.
  7709 | D:8      | Learned a level 6 spell: Poison Arrow
  7725 | D:8      | Found Ceqoptea's Antique Weapon Shop.
  7904 | D:8      | Reached skill level 1 in Poison Magic
  7906 | D:8      | Reached XP level 10. HP: 56/69 MP: 22/22
  8707 | D:9      | Found an oddly glowing altar of Pakellas.
  9136 | D:9      | Found an oddly glowing altar of Pakellas.
  9180 | D:9      | Reached skill level 10 in Conjurations
  9461 | D:10     | Entered Level 10 of the Dungeon
  9964 | D:10     | Found Jyng's Gadget Emporium.
 10092 | D:10     | Noticed a hill giant
 10109 | D:10     | HP: 3/69 [hill giant/giant spiked club (21)]
 10121 | D:10     | Killed a hill giant
 10121 | D:10     | Reached skill level 5 in Poison Magic
 10585 | D:11     | Noticed Grum
 10626 | D:11     | Killed Grum
 10785 | D:11     | Noticed Sonja
 10817 | D:11     | Reached XP level 11. HP: 71/74 MP: 24/24
 10826 | D:11     | Killed Sonja
 10918 | D:11     | Lost mutation: You have a pair of small horns on your head. [mutagenic meat]
 11206 | D:11     | Noticed Maurice
 11219 | D:11     | Killed Maurice
 11465 | D:11     | Found a staircase to the Orcish Mines.
 11563 | D:11     | Upgraded the game from 0.19-a0-32-gbfd796a to 0.19-a0-36-g4a0968a
 11627 | D:11     | Noticed a hill giant
 11649 | D:11     | Killed a hill giant
 11649 | D:11     | Reached skill level 11 in Conjurations
 12139 | D:11     | Noticed a hill giant
 12157 | D:11     | Killed a hill giant
 12393 | D:11     | Noticed a four-headed hydra
 12431 | D:11     | Killed a four-headed hydra
 12753 | D:12     | Reached ** piety under Ashenzari
 12757 | D:12     | Noticed an orange crystal statue
 12907 | D:11     | Reached skill level 10 in Spellcasting
 13479 | D:12     | Reached XP level 12. HP: 79/81 MP: 26/26
 13567 | D:12     | Noticed Nessos
 13572 | D:12     | Killed Nessos
 15215 | D:13     | Reached skill level 1 in Fighting
 15215 | D:13     | Reached skill level 12 in Conjurations
 15666 | D:13     | Noticed a centaur warrior
 15687 | D:13     | Killed a centaur warrior
 15980 | D:13     | Noticed a four-headed hydra
 15983 | D:13     | Killed a four-headed hydra
 15983 | D:13     | Reached skill level 10 in Charms
 16118 | D:13     | Reached *** piety under Ashenzari
 16366 | D:14     | Noticed a fire dragon
 16542 | D:14     | Killed a fire dragon
 16542 | D:14     | Reached skill level 1 in Shields
 16829 | D:14     | Found a shattered altar of Ashenzari.
 16916 | D:14     | Noticed a six-headed hydra
 16919 | D:14     | Killed a six-headed hydra
 16919 | D:14     | Reached XP level 13. HP: 95/95 MP: 8/28
 17167 | D:14     | Slain by a purple ugly thing

Vault maps used:
D:1:      dpeg_arrival_round_c
D:2:      kennysheep_big_flooded_room, first_bread
D:3:      minmay_door_path, ecumenical_altar_2, nicolae_ru_the_path_less_chosen
D:4:      kennysheep_little_box
D:5:      basic_altar, roderic_batcave, uniq_pikel
D:6:      old_standard_altar, minmay_temple_entry_statues_fountains,
          serial_shops, shop, portal_sewer_entry_c, minivault_22
D:7:      bloody_trog, lemuel_round_altar, basic_altar, the_bakery,
          grunt_dithmenos_shadows, uniq_crazy_yiuf_cottage
D:8:      minmay_lair_entry_lava, serial_shops, shop
D:9:      general_overflow_altar, kennysheep_flooded_box
D:10:     serial_shops, shop
D:11:     orc_0_dummy, uniq_grum, uniq_maurice, uniq_sonja
D:12:     serial_shops, statue_bzr, kennysheep_generic_room_15, uniq_nessos
D:14:     david_vaults_4, basic_altar, special_room,
          onia_ninara_dug_in_and_dangerous
Temple:   eino_wide_crystal_templ_15
Sewer:    kennysheep_sewer_church

Skill      XL: |  1  2  3  4  5  6  7  8  9 10 11 12 |
---------------+-------------------------------------+-----
Spellcasting   | 3 4 5 6 8 9 10 11 | 11.0
Conjurations   | 5 6 7 8 9 10 11 12 | 12.3
Charms         | 1 2 4 5 7 8 9 10 | 10.2
Poison Magic   | 1 5 8 9 |  9.8
Dodging        | 3 |  3.3
Fighting       | 3 |  3.6
Shields        | 2 |  2.8
Stealth        | |  1.7

Action                   |  1- 3 |  4- 6 |  7- 9 | 10-12 | 13-15 || total
-------------------------+-------+-------+-------+-------+-------++-------
Melee: Dagger            |    16 |    15 |    21 |       |       ||    52
       Tailslap          |     1 |     2 |    12 |    12 |       ||    27
       Whip              |       |       |    86 |       |       ||    86
       Headbutt          |       |       |    10 |    14 |       ||    24
       Quarterstaff      |       |       |    17 |   118 |     1 ||   136
 Cast: Magic Dart        |    65 |    95 |   248 |   410 |       ||   818
       Searing Ray       |     3 |    11 |    16 |    20 |       ||    50
       Iskenderun's Batt |       |       |    15 |    66 |       ||    81
       Blink             |       |       |       |     1 |       ||     1
       Poison Arrow      |       |       |       |    55 |     7 ||    62
Invok: Curse Item        |       |       |     2 |       |       ||     2
 Abil: Breathe Noxious F |       |       |     4 |    12 |       ||    16
  Use: Scroll            |       |       |       |    25 |       ||    25
       Potion            |       |       |       |     1 |       ||     1
 Stab: Sleeping          |       |     1 |       |       |       ||     1
       Confused          |       |       |     2 |     2 |       ||     4
  Eat: Chunk             |     4 |     7 |    15 |    33 |     1 ||    60
       Meat ration       |       |       |     1 |     5 |       ||     6
       Beef jerky        |       |       |       |     1 |     1 ||     2
       Bread ration      |       |       |       |     1 |       ||     1
       Pizza             |       |       |       |     1 |       ||     1
Armor: Skin              |     6 |    15 |   119 |   123 |     2 ||   265
Dodge: Dodged            |    25 |    35 |   185 |   222 |     1 ||   468
